 Dungeon Crawl Stone Soup version 0.21-a0-470-geeb3749 (webtiles) character file.

3719 Spazmo the Thaumaturge (level 9, -5/45 HPs)
             Began as a Deep Elf Fire Elementalist on Nov 21, 2017.
             Was a Follower of Vehumet.
             Slain by a hornet zombie (12 damage)
             ... on level 9 of the Dungeon.
             The game lasted 00:30:52 (9055 turns).

Spazmo the Thaumaturge (Deep Elf Fire Elementalist) Turns: 9055, Time: 00:30:52

Health: -5/45      AC:  4    Str:  5    XL:     9   Next: 92%
Magic:  14/25      EV: 13    Int: 24    God:    Vehumet [*.....]
Gold:   311        SH:  0    Dex: 15    Spells: 13/29 levels left

rFire    + . .     SeeInvis .   E - +2 dagger (elec)
rCold    . . .     Gourm    .   (no shield)
rNeg     . . .     Faith    .   a - +0 robe
rPois    .         Spirit   .   e - +1 helmet
rElec    .         Reflect  .   m - scarf {cloud immunity}
rCorr    +         Harm     .   (no gloves)
MR       .....                  (no boots)
Stlth    ++........             C - amulet of magic regeneration
HPRegen  0.15/turn              p - ring of protection from fire
MPRegen  0.44/turn              l - ring of resist corrosion

@: no status effects
A: no striking features
a: Renounce Religion


You were on level 9 of the Dungeon.
You worshipped Vehumet.
Vehumet was aware of your devotion.
You were very full.

You visited 2 branches of the dungeon, and saw 10 of its levels.

You collected 311 gold pieces.

Inventory:

Hand Weapons
 E - a +2 dagger of electrocution (weapon)
Missiles
 j - 285 stones (quivered)
Armour
 a - a +0 robe (worn)
 e - a +1 helmet (worn)
 m - a scarf of cloud immunity (worn)
Magical Staves
 v - an uncursed staff of wizardry
 y - an uncursed staff of fire
Jewellery
 h - an uncursed amulet of the gourmand
 l - a ring of resist corrosion (right hand)
 p - a ring of protection from fire (left hand)
 C - an amulet of magic regeneration (around neck)
Wands
 s - a wand of iceblast (8)
 u - a wand of polymorph (15)
 w - a wand of flame (11)
Scrolls
 d - a scroll of identify
 q - 3 scrolls of teleportation
 t - 2 scrolls of amnesia
 z - 2 scrolls of remove curse
 B - a scroll of blinking
Potions
 f - a potion of brilliance
 n - 4 potions of curing
 o - a potion of berserk rage {unknown}
 x - a potion of heal wounds {unknown}
 F - a potion of mutation {unknown}
 G - a potion of haste {unknown}
Books
 b - a book of Flames

   Spells                             Type                      Level
   a - Flame Tongue                   Conjuration/Fire             1
   b - Throw Flame                    Conjuration/Fire             2
   c - Conjure Flame                  Conjuration/Fire             3
   d - Inner Flame                    Hexes/Fire                   3
   e - Sticky Flame                   Conjuration/Fire             4
   f - Fireball                       Conjuration/Fire             5
 r - a Young Poisoner's Handbook

   Spells                             Type                      Level
   a - Sting                          Conjuration/Poison           1
   b - Poisonous Vapours              Poison/Air                   2
   c - Mephitic Cloud                 Conjuration/Poison/Air       3
   d - Olgreb's Toxic Radiance        Poison                       4
   e - Venom Bolt                     Conjuration/Poison           5
 A - a book of Cantrips

   Spells                             Type                      Level
   a - Confusing Touch                Hexes                        1
   b - Animate Skeleton               Necromancy                   1
   c - Summon Small Mammal            Summoning                    1
   d - Apportation                    Translocation                1
Comestibles
 c - 6 bread rations
 g - 2 royal jellies
 i - a chunk of flesh
 k - 3 meat rations
 H - 2 fruits


   Skills:
 - Level 3.0 Dodging
 - Level 3.0 Stealth
 + Level 10.9 Spellcasting
 + Level 9.0 Conjurations
 + Level 9.5 Fire Magic


You had 13 spell levels left.
You knew the following spells:

 Your Spells              Type           Power        Failure   Level  Hunger
a - Flame Tongue          Conj/Fire      #####        1%          1    None
b - Throw Flame           Conj/Fire      ######       1%          2    None
c - Conjure Flame         Conj/Fire      ######..     1%          3    None
d - Sticky Flame          Conj/Fire      ######..     1%          4    None
e - Fireball              Conj/Fire      ######....   2%          5    ####...
f - Magic Dart            Conj           ####         1%          1    None


Dungeon Overview and Level Annotations

Branches:
Dungeon (9/15)             Temple (1/1) D:7
   Lair: D:8-11         Orc: D:9-12

Altars:
Ashenzari
Cheibriados
Dithmenos
Elyvilon
Fedhas
Gozag
Hepliaklqana
Kikubaaqudgha
Makhleb
Nemelex Xobeh
Okawaru
Qazlal
Ru
Sif Muna
Trog
Uskayaw
Vehumet
Wu Jian
Xom
Yredelemnul
Zin
The Shining One

Shops:
D:4 [([


Message History

The hornet zombie barely misses you.
Casting: Flame Tongue
Confirm with . or Enter, or press ? or * to list all spells.
Aiming: Flame Tongue
Press: ? - help, Shift-Dir - straight line, f/p - hornet zombie
Aim: a hornet zombie (moderately damaged, covered in liquid flames)
The flame tongue hits the hornet zombie.
The hornet zombie is heavily damaged.
The hornet zombie burns!
The hornet zombie hits you!
* * * LOW HITPOINT WARNING * * *
Casting: Flame Tongue
Confirm with . or Enter, or press ? or * to list all spells.
Aiming: Flame Tongue
Press: ? - help, Shift-Dir - straight line, f/p - hornet zombie
Aim: a hornet zombie (heavily damaged, covered in liquid flames)
The flame tongue hits the hornet zombie.
The hornet zombie appears unharmed.
The hornet zombie is heavily damaged.
The hornet zombie burns!
The hornet zombie hits you!
You die...

..... .#. ..... #a#
..Z..##.###
.o........#
..........#
..........#
.....o....# ######.#
#.@Z)..# ###'######
###.......#
#+#########.'.......#
........##..#.......#
........)..##.......#
........#####.......#
........# #.......#
....(...# #.......#


You could see a hornet zombie (burning).

Vanquished Creatures
  A troll (D:7)
  A hippogriff (D:7)
  Sigmund (D:3)
  A water moccasin (D:8)
  Duvessa (D:5)
  3 orc warriors
  An ice beast (D:7)
  3 phantoms
  2 sky beasts
  2 ogres
  A centaur (D:8)
  2 bullfrogs (D:8)
  Dowan (D:5)
  7 wights
  A howler monkey (D:6)
  An electric eel (D:8)
  3 crimson imps
  3 jellies
  4 orc priests
  A bullfrog skeleton (D:7)
  A centaur skeleton (D:6)
  4 hounds
  A gnoll shaman (D:5)
  4 iguanas
  Ijyb (D:3)
  4 worker ants
  8 orc wizards
  Robin (D:3)
  11 gnolls
  16 adders
  2 oozes
  3 adder skeletons
  A worm (D:4)
  A dart slug (D:1)
  4 leopard geckos
  27 orcs
  A ball python (D:1)
  4 giant cockroaches
  16 goblins
  8 hobgoblins
  15 jackals
  4 quokkas
  7 bats
  2 frilled lizards
  8 kobolds
  A quokka skeleton (D:5)
  A quokka zombie (D:7)
  5 rats
201 creatures vanquished.

Vanquished Creatures (others)
  A human (D:3)
1 creature vanquished.

Grand Total: 202 creatures vanquished

Notes
Turn   | Place    | Note
-------+----------+-------------------------------------------
     0 | D:1      | Spazmo the Deep Elf Fire Elementalist began the quest for the Orb.
     0 | D:1      | Reached XP level 1. HP: 10/10 MP: 6/6
   517 | D:1      | Reached XP level 2. HP: 15/15 MP: 6/8
   521 | D:1      | Learned a level 2 spell: Throw Flame
  1011 | D:2      | Reached XP level 3. HP: 19/19 MP: 6/9
  1306 | D:2      | Reached XP level 4. HP: 10/24 MP: 5/11
  1665 | D:2      | Learned a level 3 spell: Conjure Flame
  1714 | D:2      | Reached skill level 4 in Spellcasting
  1990 | D:3      | Noticed Sigmund
  2606 | D:3      | Noticed Ijyb
  2648 | D:3      | Killed Ijyb
  2648 | D:3      | Reached XP level 5. HP: 20/28 MP: 0/13
  2656 | D:3      | Learned a level 4 spell: Sticky Flame
  2764 | D:3      | Killed Sigmund
  2764 | D:3      | Reached skill level 5 in Spellcasting
  2764 | D:3      | Reached skill level 5 in Fire Magic
  2764 | D:3      | Reached XP level 6. HP: 10/32 MP: 0/16
  3329 | D:3      | Noticed Robin
  3426 | D:3      | Killed Robin
  3553 | D:3      | Found an ancient bone altar of Kikubaaqudgha.
  3654 | D:3      | Noticed a human
  3655 | D:3      | Killed a human
  3925 | D:4      | Reached skill level 6 in Spellcasting
  4066 | D:4      | Found Mihe Xuupte's Antique Armour Shoppe.
  4083 | D:4      | Reached XP level 7. HP: 20/36 MP: 8/18
  4157 | D:4      | Found Vewkuw's Antique Weapon Shop.
  4247 | D:4      | Found Anekelex's Antique Armour Shoppe.
  4491 | D:5      | Entered Level 5 of the Dungeon
  4500 | D:4      | Learned a level 5 spell: Fireball
  4722 | D:5      | Reached skill level 5 in Conjurations
  4864 | D:5      | Noticed Dowan
  4866 | D:5      | Noticed Duvessa
  4871 | D:5      | Killed Duvessa
  4871 | D:5      | Reached skill level 7 in Spellcasting
  4876 | D:5      | Killed Dowan
  5045 | D:5      | Reached XP level 8. HP: 41/41 MP: 15/21
  5346 | D:6      | Reached skill level 8 in Spellcasting
  6282 | D:6      | Found an opulent altar of Gozag.
  6282 | D:6      | Found a bloodstained altar of Trog.
  6287 | D:6      | Found a faded altar of an unknown god.
  6289 | D:6      | Found a snail-covered altar of Cheibriados.
  6290 | D:6      | Found a faded altar of an unknown god.
  6928 | D:7      | Noticed a troll
  6932 | D:7      | HP: 1/41 [troll (9)]
  6940 | D:7      | Killed a troll
  6940 | D:7      | Reached skill level 9 in Spellcasting
  6940 | D:7      | Reached XP level 9. HP: 2/45 MP: 10/24
  7904 | D:7      | Found a staircase to the Ecumenical Temple.
  7919 | D:7      | Reached skill level 10 in Spellcasting
  7921 | Temple   | Entered the Ecumenical Temple
  7931 | Temple   | Became a worshipper of Vehumet
  8482 | D:8      | Found a white marble altar of Elyvilon.
  8920 | D:9      | Reached * piety under Vehumet
  8920 | D:9      | Offered knowledge of Magic Dart by Vehumet.
  8924 | D:9      | Learned a level 1 spell: Magic Dart
  9055 | D:9      | Slain by a hornet zombie

Vault maps used:
D:1:      tarquinn_simple_flora_water_b, serial_corexii_hall,
          corexii_hall_statues_l, corexii_hall_statues_x, st_stairs_5
D:2:      minmay_misc_feat_rows
D:3:      first_bread, minivault_4, tgw_kikubaaqudgha, uniq_sigmund, uniq_robin,
          uniq_ijyb
D:4:      serial_shops, nicolae_shop_behind_doors, shop,
          nicolae_shop_behind_doors
D:5:      uniq_duvessa
D:6:      chequers_temple_overflow_minitemple
D:7:      minmay_temple_entry_nine_rooms
D:8:      elyvilon_altar_1
D:9:      minmay_lair_entry_lava, serial_park_tiny_pond,
          hangedman_pestilent_swarm
Temple:   nicolae_temple_no_exploring_needed

Skill      XL: |  1  2  3  4  5  6  7  8  9 |
---------------+----------------------------+-----
Stealth        | 3 |  3.0
Dodging        | 3 |  3.0
Conjurations   | 2 3 4 5 7 9 |  9.0
Spellcasting   | 4 5 6 7 9 10 | 10.9
Fire Magic     | 4 5 6 8 9 |  9.5

Action                   |  1- 3 |  4- 6 |  7- 9 || total
-------------------------+-------+-------+-------++-------
Melee: Short sword       |     4 |       |       ||     4
       Dagger            |       |    10 |    74 ||    84
       Staff             |       |       |     6 ||     6
 Cast: Flame Tongue      |    57 |   155 |   249 ||   461
       Throw Flame       |       |     6 |    14 ||    20
       Conjure Flame     |       |     1 |     1 ||     2
       Sticky Flame      |       |     2 |    11 ||    13
       Fireball          |       |       |    11 ||    11
  Use: Scroll            |     2 |     5 |     9 ||    16
       Potion            |       |     3 |       ||     3
  Eat: Chunk             |     1 |     7 |    23 ||    31
       Royal jelly       |       |     1 |     1 ||     2
       Fruit             |       |       |     1 ||     1
Armor: Robe              |    10 |    13 |    15 ||    38
Dodge: Dodged            |    16 |    75 |    94 ||   185

Table legend:
 A = Spawn XP
 B = Non-spawn XP
 C = Spawn XP percentage of total XP
 D = Spawn monster count
 E = Non-spawn monster count
 F = Spawn count percentage of total count
 G = Total turns spent on level
                    A         B        C        D         E        F      G
               +---------+---------+-------+---------+---------+-------+---------
         Total |       0 |    5313 |   0.0 |       0 |     201 |   0.0 |  9055
               +---------+---------+-------+---------+---------+-------+---------
           D:1 |       0 |      21 |   0.0 |       0 |      12 |   0.0 |   880
           D:2 |       0 |     111 |   0.0 |       0 |      25 |   0.0 |  1538
           D:3 |       0 |     499 |   0.0 |       0 |      45 |   0.0 |  1445
           D:4 |       0 |     337 |   0.0 |       0 |      18 |   0.0 |   717
           D:5 |       0 |     468 |   0.0 |       0 |      18 |   0.0 |   516
           D:6 |       0 |     886 |   0.0 |       0 |      34 |   0.0 |  1720
           D:7 |       0 |    1569 |   0.0 |       0 |      23 |   0.0 |  1356
           D:8 |       0 |     924 |   0.0 |       0 |      17 |   0.0 |   682
           D:9 |       0 |     498 |   0.0 |       0 |       9 |   0.0 |   181
               +---------+---------+-------+---------+---------+-------+---------
